AoeStats
← attila

Arena

504966204Analyzed
3v3 RM · 26d ago on Sep 7, 2026· 40m 5s· 6 players
Game mode
Random Map
Map size
Normal (6 player)
Population
200
Speed
Normal
Resources
Standard
Victory
Conquest
Starting age
Dark Age
Ending age
Imperial Age
RankedLock teamsTeams togetherTeam positionsShared explorationLock speedFull tech treeHidden civsTurbo modeCheats
Victory
Defeat
🇹🇷 Britons · Türkiye
705
+18
🇹🇷 Khmer · Türkiye
682
+19
🇹🇷 Teutons · Türkiye
674
+19
🇳🇱 Huns · Netherlands
845
-22
🇺🇸 Britons · United States
771
-20
🇹🇷 Teutons · Türkiye
629
-14
RASB
0:27 Loom
13:54 Feudal Age
14:21 Double-Bit Axe
14:16 Horse Collar
14:28 Gold Mining
20:16 Castle Age
20:39 Wheelbarrow
20:00 Stone Mining
21:32 Bow Saw
22:41 Gold Shaft Mining
22:42 Stone Shaft Mining
26:34 Heavy Plow
27:37 Hand Cart
28:52 Husbandry
29:12 Scale Barding Armor
29:29 Forging
30:21 Chain Barding Armor
31:12 Iron Casting
37:27 Imperial Age
38:44 Plate Barding Armor
39:10 Blast Furnace
38:02 Elite Battle Elephant
40:37 Double Crossbow
40:37 Tusk Swords
40:58 Conscription
39:59 Elite Ballista Elephant
attila
10:04 Feudal Age
11:21 Wheelbarrow
10:29 Horse Collar
10:38 Double-Bit Axe
14:50 Gold Mining
20:49 Castle Age
22:02 Hand Cart
21:52 Heavy Plow
22:46 Bow Saw
22:52 Pikeman
23:33 Squires
23:18 Gambesons
23:19 Arson
24:54 Stone Mining
25:51 Town Watch
28:12 Forging
28:03 Scale Mail Armor
28:23 Loom
29:02 Town Patrol
29:09 Town Patrol
28:53 Man-at-Arms
31:24 Long Swordsman
40:02 Imperial Age
Madness
5:08 Loom
9:17 Feudal Age
9:52 Loom
18:10 Castle Age
16:33 Double-Bit Axe
Karma
10:44 Feudal Age
11:25 Double-Bit Axe
11:28 Horse Collar
13:57 Gold Mining
19:50 Castle Age
21:28 Bow Saw
21:55 Gold Shaft Mining
21:24 Heavy Plow
23:25 Stone Mining
26:44 Ballistics
26:35 Fortified Wall
29:02 Light Cavalry
29:05 Crossbowman
29:07 Man-at-Arms
29:50 Squires
30:41 Husbandry
30:08 Long Swordsman
30:41 Fletching
30:53 Padded Archer Armor
30:57 Scale Mail Armor
sfdejonge
4:53 Loom
10:52 Feudal Age
15:31 Castle Age
15:01 Double-Bit Axe
25:43 Gold Mining
25:35 Horse Collar
27:12 Husbandry
28:13 Heavy Plow
29:45 Wheelbarrow
31:02 Fletching
32:30 Padded Archer Armor
33:13 Scale Barding Armor
34:54 Forging
35:35 Bodkin Arrow
37:31 Bloodlines
zKan
0:38 Loom
0:45 Loom
12:19 Feudal Age
13:02 Double-Bit Axe
13:14 Gold Mining
15:07 Wheelbarrow
15:18 Horse Collar
15:31 Stone Mining
15:34 Town Watch
21:11 Arson
20:50 Man-at-Arms
24:41 Castle Age
26:28 Pikeman
26:34 Long Swordsman
28:52 Hand Cart
29:05 Bow Saw
30:07 Forging
34:31 Stone Shaft Mining
34:36 Scale Mail Armor
37:00 Town Patrol
Connection lost

Rejoining the realm…

Still unreachable

The connection could not be restored.

Session expired

The server has moved on; the page needs a fresh start.